 Dungeon Crawl Stone Soup version 0.27-a0-652-g2d5cf1dcd3 (webtiles) character file.

Game seed: 10653123219345989148

43 Jerej03 the Skirmisher (level 3, -1/33 HPs)
             Began as a Draconian Chaos Knight on Mar 16, 2021.
             Was a Plaything of Xom.
             Slain by an adder (3 damage)
             ... on level 2 of the Dungeon.
             The game lasted 00:03:36 (1147 turns).

Jerej03 the Skirmisher (Draconian Chaos Knight)     Turns: 1147, Time: 00:03:36

Health: -1/33      AC:  6    Str: 15    XL:     3   Next: 37%
Magic:  3/3        EV: 12    Int: 12    God:    Xom [..*...]
Gold:   79         SH:  0    Dex: 10    Spells: 2/2 levels left

rFire    . . .     SeeInvis .   a - +0 short sword (chaos)
rCold    . . .     Faith    .   (no shield)
rNeg     + . .     Spirit   .   (armour unavailable)
rPois    .         Reflect  .   (helmet restricted)
rElec    .         Harm     .   (no cloak)
rCorr    .         Rampage  .   e - +0 pair of gloves
Will     .....                  (no boots)
Stlth    +.........             (no amulet)
HPRegen  0.11/turn              j - ring of positive energy
MPRegen  0.08/turn              (no ring)

@: lethally poisoned (-1 -> -8)
A: AC +5, unfitting armour, cold-blooded
a: Renounce Religion


You were on level 2 of the Dungeon.
You worshipped Xom.
You were a toy of Xom.
You visited 1 branch of the dungeon, and saw 2 of its levels.

You collected 79 gold pieces.

Inventory:

Hand Weapons
 a - a +0 short sword of chaos (weapon)
Armour
 b - a +0 chain mail
 e - a +0 pair of gloves (worn)
 h - a +0 scale mail
Jewellery
 j - a ring of positive energy (right hand)
Scrolls
 c - 2 scrolls of fog {unknown}
 d - a scroll of teleportation {unknown}
 g - 2 scrolls of identify {unknown}
 k - a scroll of magic mapping {unknown}
Potions
 f - a potion of magic {unknown}
 i - a potion of haste {unknown}
 l - a potion of mutation {unknown}


   Skills:
 + Level 3.9 Fighting
 + Level 3.7 Short Blades
 + Level 2.5 Dodging
 + Level 0.1 Stealth


You had 2 spell levels left.
You didn't know any spells.
Your spell library was empty.

Dungeon Overview and Level Annotations

Branches:
Dungeon (2/15)

Altars:


Innate Abilities, Weirdness & Mutations

Your plain brown scales are hard. (AC +5)
You cannot fit into any form of body armour.
You are cold-blooded and may be slowed by cold attacks.


Message History

Xom is highly amused!
The adder is lightly wounded.
The adder bites you.
The frilled lizard bites you but does no damage.
You barely miss the adder.
Your tail-slap misses the adder.
The adder is lightly wounded.
You feel sick. The adder bites you but does no damage.
The frilled lizard bites you but does no damage.
You closely miss the adder.
The adder is lightly wounded.
The adder barely misses you.
The frilled lizard bites you but does no damage.
You miss the adder.
Your tail-slap misses the adder.
The adder is lightly wounded.
You feel sick. The adder bites you but does no damage.
You closely miss the adder.
The adder is lightly wounded.
The adder bites you.
* * * LOW HITPOINT WARNING * * *
The frilled lizard bites you but does no damage.
The adder bites you.
* * * LOW HITPOINT WARNING * * *
You are lethally poisoned!
The adder poisons you!
You closely miss the frilled lizard.
* * * LOW HITPOINT WARNING * * *
You feel sick.
The frilled lizard unfolds its giant frill.
The frilled lizard closely misses you. The adder bites you but does no damage.
You hit the frilled lizard.
The frilled lizard is poisoned.
The frilled lizard is heavily wounded.
* * * LOW HITPOINT WARNING * * *
You feel sick. The frilled lizard bites you.
* * * LOW HITPOINT WARNING * * *
The adder misses you.
You barely miss the frilled lizard.
The frilled lizard is heavily wounded.
You kill the frilled lizard!
The adder bites you.
You die...

#.# #.# #.#####
#.....
###.#.#####
....... .#
#.#####.#.###.#
#.....<..gS@..#
.....##.#.#.#####
... #.#<#.# .
#.#.... ..######
###


You could see an adder (agile) and a goblin.

Vanquished Creatures
  A gnoll (D:1)
  A dart slug (D:1)
  4 leopard geckos (D:1)
  A giant cockroach (D:1)
  2 goblins (D:1)
  4 hobgoblins (D:1)
  3 jackals (D:1)
  4 kobolds
  4 bats (D:1)
  3 frilled lizards
27 creatures vanquished.

Notes
Turn   | Place    | Note
-------+----------+-------------------------------------------
     0 | D:1      | Jerej03 the Draconian Chaos Knight began the quest for the
                  | Orb.
     0 | D:1      | Reached XP level 1. HP: 19/19 MP: 1/1
    18 | D:1      | XOM: divination: detect items
    45 | D:1      | XOM: silly message
    46 | D:1      | XOM: potion effect (berserk rage)
    49 | D:1      | Reached XP level 2. HP: 26/26 MP: 2/2
   425 | D:1      | Reached XP level 3. HP: 33/33 MP: 3/3
   632 | D:1      | XOM: silly message
   743 | D:1      | XOM: silly message
  1093 | D:1      | XOM: divination: detect items
  1147 | D:2      | Slain by an adder

Illustrated notes

Levels and vault maps discovered:
D:1:      onia_arrival_mini_maze_b, layout_loops_ring, minmay_heptomino_d4
D:2:      layout_basic, chequers_temple_overflow_statue_of_worship

Action                   || total
-------------------------++-------
Melee: Short sword       ||    92
       Tailslap          ||     2
 Stab: Paralysed         ||     2
Armor: Skin              ||    26
Dodge: Dodged            ||    69

Table legend: (Time is in decaauts)
 A = Elapsed time spent in this place.
 B = Non-inter-level travel time spent in this place.
 C = Inter-level travel time spent in this place.
 D = Time resting spent in this place.
 E = Time spent auto-exploring this place.
 F = Levels seen in this place.
 G = Mean time per level.
                   A        B        C        D        E       F      G
               +--------+--------+--------+--------+--------+-----+--------+
         Total |   1149 |   1075 |     74 |    168 |    675 |   2 |  574.5 |
       Dungeon |   1149 |   1075 |     74 |    168 |    675 |   2 |  574.5 |
               +--------+--------+--------+--------+--------+-----+--------+

Top non-repeatable levels by time:
     D:1: 1126 daAuts
     D:2: 22 daAuts
